 Dungeon Crawl Stone Soup version 0.28-a0-1447-ga5a8893891 (webtiles) character file.

Game seed: 11454487555095391371

14 ytrimaz the Insei (level 2, 0/18 HPs)
             Began as an Octopode Transmuter on Jan 10, 2022.
             Succumbed to a goblin's poison
             ... on level 1 of the Dungeon.
             The game lasted 00:00:30 (396 turns).

ytrimaz the Insei (Octopode Transmuter)              Turns: 396, Time: 00:00:30

Health: 0/18       AC:  1    Str:  9    XL:     2   Next: 45%
Magic:  4/5        EV: 13    Int: 15    God:
Gold:   30         SH:  0    Dex: 12    Spells: 4/5 levels left

rFire   . . .      SeeInvis .     - Unarmed
rCold   . . .      Faith    .   (no shield)
rNeg    . . .      Spirit   .   (helmet currently unavailable)
rPois   .          Reflect  .   (no amulet)
rElec   .          Harm     .   (no ring)
rCorr   .          Rampage  .   (no ring)
Will    .....                   (no ring)
Stlth   ++........              (no ring)
HPRegen 0.06/turn               (no ring)
MPRegen 0.09/turn               (no ring)
                                (no ring)
                                (no ring)

@: lethally poisoned (0 -> -8), appendages (expiring)
A: tentacle spike 3, almost no armour, amphibious, 8 rings, camouflage 1,
gelatinous body 1, (nimble swimmer 1), tentacles
a: End Transformation


You were on level 1 of the Dungeon.
One of your tentacles had grown a beastly spike.
You visited 1 branch of the dungeon, and saw 1 of its levels.

You collected 30 gold pieces.

You aren't carrying anything.


   Skills:
 * Level 1.2 Fighting
 - Level 2.0 Dodging
 + Level 3.3 Unarmed Combat
 * Level 2.2 Spellcasting
 * Level 2.2 Transmutations


You had 4 spell levels left.
You knew the following spells:

 Your Spells              Type           Power      Damage    Failure   Level
a - Beastly Appendage     Tmut           16%        N/A       9%          1

Your spell library contained the following spells:

 Spells                   Type           Power      Damage    Failure   Level
 Wereblood                Tmut           8%         N/A       13%         2
 Spider Form              Tmut/Pois      5%         N/A       38%         3
 Ice Form                 Ice/Tmut       5%         N/A       80%         4


Dungeon Overview and Level Annotations

Branches:
Dungeon (1/15)

Altars:


Innate Abilities, Weirdness & Mutations

One of your tentacles has grown a beastly spike.
You cannot wear most types of armour.
You are amphibious.
You can wear up to eight rings at the same time.
Your skin changes colour to match your surroundings (Stealth+).
Your rubbery body absorbs attacks. (AC +1, EV +1)
((You are camouflaged when in or above water. (Stealth+)))
You have tentacles for arms and can constrict up to eight enemies at once.


Message History

The rat twitches its whiskers.
The rat bites you.
You tentacle-slap the rat but do no damage.
Your grab misses the rat.
Your tentacle spike misses the rat.
Your squeeze misses the rat. The rat closely misses you.
You tentacle-slap the rat.
You kill the rat!
Your transformation is almost over.
A goblin comes into view. It is wielding a +0 dagger of venom.
A goblin is nearby!
A goblin is nearby!
You extend your transformation's duration.
The goblin shouts!
The goblin hits you but does no damage.
You are poisoned.
You barely miss the goblin. Your grab misses the goblin.
Your tentacle spike misses the goblin.
You feel sick.
The goblin hits you with a +0 dagger of venom.
You are lethally poisoned!
You tentacle-slap the goblin. Your grab misses the goblin.
You pierce the goblin, but do no damage.
You squeeze the goblin.
You kill the goblin!
You feel very sick.
You feel very sick.
You see here a +0 dagger of venom.
There is a lethal amount of poison in your body!
There is a lethal amount of poison in your body!
Blink to where?
Press: ? - help, Dir - move target, f - you Are you sure you want to cancel this blink?
Okay, then.
As you read the scroll labelled SAUXKU IKKAATA, it crumbles to dust.
It was a scroll of blinking.
* * * LOW HITPOINT WARNING * * *
You feel very sick.
Your transformation is almost over.
* * * LOW HITPOINT WARNING * * *
You feel sick.
You die...

###### ##@##.##### ###
#. ..#..#....#.#######..
. ..#...†.#..##......(.
.##.#.####....≈.≈≈≈.≈..
..#.####....≈.≈≈.≈≈≈≈≈.
#.#.##..#..≈≈≈≈≈≈.≈≈≈≈≈
#.#.#.##...≈≈≈≈≈.≈≈≈≈≈≈
#.#.###.##.≈≈≈≈≈.<..≈≈≈
##.#.##.##.≈≈≈≈≈≈...≈≈≈≈


There were no monsters in sight!

Vanquished Creatures
  An endoplasm (D:1)
  3 goblins (D:1)
  A hobgoblin (D:1)
  A quokka (D:1)
  3 ball pythons (D:1)
  2 bats (D:1)
  2 rats (D:1)
13 creatures vanquished.

Notes
Turn   | Place    | Note
-------+----------+-------------------------------------------
     0 | D:1      | ytrimaz the Octopode Transmuter began the quest for the
                  | Orb.
     0 | D:1      | Reached XP level 1. HP: 13/13 MP: 3/3
   142 | D:1      | Reached XP level 2. HP: 13/18 MP: 3/5
   396 | D:1      | Succumbed to a goblin's poison

Illustrated notes

Levels and vault maps discovered:
D:1:      dpeg_arrival_subterranean_lakeside_camping, layout_rooms,
          minmay_misc_feat_alley, minmay_statues_item, lemuel_another_geyser

Action                   || total
-------------------------++-------
Melee: Unarmed           ||    28
       Constrict         ||     6
       Tentacles         ||     5
       Kick              ||     5
       Punch             ||     1
 Cast: Beastly Appendage ||     7
  Use: Scroll            ||     1
 Stab: Sleeping          ||     2
Armor: Skin              ||     3
Dodge: Dodged            ||    16

Table legend: (Time is in decaauts)
 A = Elapsed time spent in this place.
 B = Non-inter-level travel time spent in this place.
 C = Inter-level travel time spent in this place.
 D = Time resting spent in this place.
 E = Time spent auto-exploring this place.
 F = Levels seen in this place.
 G = Mean time per level.
                   A        B        C        D        E       F      G
               +--------+--------+--------+--------+--------+-----+--------+
         Total |    393 |    393 |      0 |      0 |    310 |   1 |  393.0 |
       Dungeon |    393 |    393 |      0 |      0 |    310 |   1 |  393.0 |
               +--------+--------+--------+--------+--------+-----+--------+

Top non-repeatable levels by time:
     D:1: 393 daAuts
